 Dungeon Crawl Stone Soup version 0.28-a0-1074-g3cb2360906 (webtiles) character file.

Game seed: 17170030418442959389

20332 AvatarAndi78 the Protected (level 12, -7/108 HPs)
             Began as a Minotaur Berserker on Dec 9, 2021.
             Was a Priest of Trog.
             Mangled by an eight-headed hydra (8 damage)
             ... on level 12 of the Dungeon.
             The game lasted 00:26:52 (14387 turns).

AvatarAndi78 the Protected (Minotaur Berserker)    Turns: 14387, Time: 00:26:54

Health: -7/108     AC:  5    Str: 25    XL:     12   Next: 44%
Magic:  11/11      EV:  9    Int:  7    God:    Trog [***...]
Gold:   635        SH:  5    Dex: 12    Spells: 11/11 levels left

rFire   . . .      SeeInvis +   t - +5 dire flail (holy)
rCold   . . .      Faith    .   (shield currently unavailable)
rNeg    . . .      Spirit   .   K - +0 plate armour
rPois   .          Reflect  +   a - +1 hat {Int+3}
rElec   .          Harm     .   (no cloak)
rCorr   .          Rampage  .   (no gloves)
Will    .....                   (no boots)
Stlth   ..........              Q - amulet of reflection
HPRegen 0.28/turn               P - ring of see invisible
MPRegen 0.12/turn               N - ring of Shadows {Umbra +Inv Stlth+}

@: corroded, on berserk cooldown, slowed, wreathed by umbra, very slow
A: horns 2, retaliatory headbutt
a: Renounce Religion, Evoke Invisibility, Berserk, Trog's Hand


You were on level 12 of the Dungeon.
You worshipped Trog.
Trog was most pleased with you.
You visited 1 branch of the dungeon, and saw 12 of its levels.
You also visited: Ossuary and Bailey.

You collected 635 gold pieces.

Inventory:

Hand Weapons
 t - a +5 dire flail of holy wrath (weapon)
 y - a +5 executioner's axe of electrocution
 G - a +5 falchion
 M - a +0 broad axe
Missiles
 b - 11 javelins
 m - 38 boomerangs (quivered)
Armour
 a - a +1 hat of intelligence (worn)
 K - a +0 plate armour (worn)
 L - a +0 kite shield
Jewellery
 l - a +6 ring of intelligence
 n - a ring of ice
 p - a +4 ring of evasion
 A - a ring of willpower
 D - a +4 ring of slaying
 E - a ring of ice
 F - a ring of protection from cold
 N - the ring of Shadows (right hand) {Umbra +Inv Stlth+}
   (You found it on level 10 of the Dungeon)

   [ring of stealth]

   It surrounds you with an aura of shadow, increasing your stealth and reducing
   the accuracy of all others within it.
   +Inv:      It lets you turn invisible.
   Stlth:     It makes you more stealthy.
 P - a ring of see invisible (left hand)
 Q - an amulet of reflection (around neck)
Wands
 j - a wand of digging (5)
 s - a wand of acid (18)
 w - a wand of polymorph (10)
 z - a wand of mindburst (23)
Scrolls
 k - 3 scrolls of fear
 o - 5 scrolls of teleportation
 v - 9 scrolls of magic mapping
 x - a scroll of holy word
 B - 3 scrolls of enchant armour
 J - a scroll of summoning
Potions
 c - 2 potions of curing
 d - 2 potions of haste {unknown}
 e - a potion of cancellation {unknown}
 f - 2 potions of berserk rage {unknown}
 g - a potion of flight {unknown}
 h - 4 potions of mutation {unknown}
 i - 2 potions of invisibility {unknown}
 q - 3 potions of attraction {unknown}
 r - 4 potions of heal wounds {unknown}
 u - 3 potions of might {unknown}
 C - a potion of experience
 H - 2 potions of degeneration {unknown}
 I - a potion of ambrosia {unknown}
 O - a potion of lignification {unknown}


   Skills:
 + Level 10.9 Fighting
 + Level 11.6(14.0) Axes
 + Level 12.9(14.7) Maces & Flails
 + Level 3.7 Throwing
 + Level 13.2 Armour
 + Level 4.5 Dodging
 + Level 2.3 Stealth
 + Level 2.3 Shields


You had 11 spell levels left.
You didn't know any spells.
Your spell library was empty.

Dungeon Overview and Level Annotations

Branches:
Dungeon (12/15)            Temple (0/1) D:5            Lair (0/6) D:10
    Orc (0/2) D:12        Ossuary (visited)          Bailey (visited)

Altars:
Ashenzari
Elyvilon
Fedhas
Gozag
Hepliaklqana
Okawaru
Ru
Sif Muna
Trog
Vehumet
Xom
Yredelemnul
Zin

Shops:
D:3 :

Annotations:
D:12 1 runed translucent door, MirrMurr's ghost, journeyman SpEn


Innate Abilities, Weirdness & Mutations

You have a pair of horns on your head.
You reflexively headbutt those who attack you in melee.


Message History

The kobold demonologist is moderately wounded.
You completely miss the rust devil.
You block the kobold demonologist's attack.
You slice the kobold demonologist like a ripe choko!!!
You feel the power of Trog in you as your rage grows.
You kill the kobold demonologist!
Trog accepts your kill.
Trog appreciates your killing of a magic user.
The rust devil disappears in a puff of smoke!
An eight-headed hydra comes into view.
You feel a strong urge to attack something.
Your +5 executioner's axe of electrocution stops crackling.
Your +5 dire flail of holy wrath softly glows with a divine radiance!
t - a +5 dire flail of holy wrath (weapon)
You feel your anger nearly subside.
Your blood rage is quickly leaving you.
You are no longer berserk.
You are exhausted.
You feel yourself slow down.
The eight-headed hydra closely misses you.
You furiously retaliate!
You headbutt the eight-headed hydra, but do no damage.
The eight-headed hydra bites you!
The eight-headed hydra bites you but does no damage.
You block the eight-headed hydra's attack.
The eight-headed hydra barely misses you.
The eight-headed hydra bites you!
The eight-headed hydra barely misses you. x2
You hit the eight-headed hydra but do no damage.
Your headbutt misses the eight-headed hydra.
The eight-headed hydra bites you.
The eight-headed hydra barely misses you.
The eight-headed hydra closely misses you.
The eight-headed hydra bites you!
* * * LOW HITPOINT WARNING * * *
The eight-headed hydra bites you!
* * * LOW HITPOINT WARNING * * *
The eight-headed hydra misses you. The eight-headed hydra bites you!
* * * LOW HITPOINT WARNING * * *
The eight-headed hydra bites you!
You die...

##.#.#.# ####.## #.#.#
####.## ##.#.#.#
##.#.#..# ##.#.#...#
##D#.#....#
##@#.#.....#
##.#.#...#..# .#.#
##.#.#...##..# ..#.#
##.#.#...## ..# ...#.#
##.#.#.........#
#...#.# #.#.#...#...#.
#...#.#####.#...##..##
###...#.#.#.#...###.##
.......#.#.#.........


You could see an eight-headed hydra.

Vanquished Creatures
  Gastronok (D:8)
  An orc warlord (Bailey)
  A hydra (D:12)
  A yaktaur captain (D:12)
  3 two-headed ogres
  An orc knight (Bailey)
  An ugly thing (D:12)
  2 cyclopes
  A gargoyle (D:11)
  7 kobold demonologists
  2 unseen horrors (D:10)
  6 trolls
  Grinder (D:5)
  8 slime creatures
  2 hornets
  3 wraiths
  3 vampires (D:12)
  5 yaks (D:10)
  A basilisk (D:11)
  6 vampire mosquitoes
  Grum (D:8)
  Edmund (D:4)
  3 acid dragons
  2 water moccasins
  7 orc warriors
  An ice beast (D:7)
  A sky beast (D:6)
  A black bear (D:8)
  2 wolves (D:8)
  2 centaurs
  2 phantoms (D:5)
  7 kobold brigands
  A gnoll sergeant (D:10)
  Blork the orc (D:4)
  2 bullfrogs
  2 scorpions
  A wyvern zombie (D:5)
  A water moccasin skeleton (D:5)
  10 wights (D:8)
  2 howler monkeys (D:9)
  4 centaur zombies
  2 hounds (D:6)
  11 orc priests
  A gnoll shaman (D:8)
  2 jellies
  11 orc wizards
  A mummy (Ossuary)
  A howler monkey zombie (D:7)
  Robin (D:4)
  5 adders
  13 gnolls
  2 white imps
  An ufetubus (D:5)
  A worm (D:5)
  4 dart slugs
  37 orcs
  3 bats
  5 endoplasms
  A giant cockroach (D:4)
  19 goblins
  6 hobgoblins
  4 jackals (D:4)
  4 quokkas
  3 ball pythons
  6 frilled lizards
  4 gnoll skeletons (Ossuary)
  33 kobolds
  4 kobold skeletons (Ossuary)
  17 orc skeletons (Ossuary)
  3 rats
315 creatures vanquished.

Vanquished Creatures (others)
  2 plants
2 creatures vanquished.

Grand Total: 317 creatures vanquished

Notes
Turn   | Place    | Note
-------+----------+-------------------------------------------
     0 | D:1      | AvatarAndi78 the Minotaur Berserker began the quest for the
                  | Orb.
     0 | D:1      | Reached XP level 1. HP: 19/19 MP: 0/0
    88 | D:1      | Found a faded altar of an unknown god.
   592 | D:1      | Reached XP level 2. HP: 27/27 MP: 1/1
  1142 | D:2      | Reached XP level 3. HP: 20/33 MP: 2/2
  1847 | D:2      | Reached skill level 5 in Axes
  1850 | D:2      | Reached XP level 4. HP: 32/41 MP: 3/3
  2224 | D:3      | HP: 2/41 [orc priest/divine providence (12)]
  2581 | D:3      | Reached XP level 5. HP: 43/47 MP: 4/4
  2686 | D:3      | Found a blossoming altar of Fedhas.
  2695 | D:3      | Reached ** piety under Trog
  2732 | D:3      | Found Vousmep's Book Shop.
  3181 | D:4      | Reached skill level 3 in Armour
  3224 | D:4      | Found a sand-covered staircase.
  3299 | Ossuary  | Entered an ossuary
  3299 | Ossuary  | Noticed a wraith
  3299 | Ossuary  | Noticed a wraith
  3299 | Ossuary  | Noticed a wraith
  3559 | Ossuary  | Noticed a wraith
  3598 | Ossuary  | Killed a wraith
  3599 | Ossuary  | Reached XP level 6. HP: 54/55 MP: 5/5
  4004 | D:4      | Noticed Blork the orc
  4011 | D:4      | Killed Blork the orc
  4012 | D:4      | Reached skill level 5 in Fighting
  4345 | D:4      | Noticed Edmund
  4357 | D:4      | Killed Edmund
  4358 | D:4      | Reached skill level 4 in Armour
  4358 | D:4      | Reached XP level 7. HP: 61/61 MP: 6/6
  4406 | D:4      | Found a white marble altar of Elyvilon.
  4416 | D:4      | Found a hazy altar of Hepliaklqana.
  4504 | D:4      | Noticed Robin
  4523 | D:4      | Killed Robin
  4925 | D:5      | Entered Level 5 of the Dungeon
  4997 | D:5      | Reached skill level 1 in Maces & Flails
  5275 | D:5      | Found a staircase to the Ecumenical Temple.
  5303 | D:5      | Reached skill level 1 in Throwing
  5348 | D:5      | Noticed Grinder
  5353 | D:5      | Killed Grinder
  5354 | D:5      | Reached skill level 5 in Armour
  5354 | D:5      | Reached XP level 8. HP: 66/69 MP: 7/7
  5515 | D:5      | Reached *** piety under Trog
  5687 | D:5      | Found a basalt altar of Yredelemnul.
  5806 | D:5      | Found a broken altar of Ashenzari.
  5820 | D:5      | Found a bloodstained altar of Trog.
  6281 | D:6      | Reached skill level 6 in Armour
  6579 | D:6      | Reached skill level 5 in Maces & Flails
  6846 | D:7      | Noticed a hornet
  6855 | D:7      | Paralysed by a hornet for 3 turns
  6864 | D:7      | Killed a hornet
  7179 | D:7      | Reached skill level 7 in Armour
  7266 | D:7      | Reached skill level 1 in Stealth
  7365 | D:7      | Reached XP level 9. HP: 59/77 MP: 8/8
  7601 | D:7      | Reached skill level 8 in Armour
  8075 | D:7      | Reached **** piety under Trog
  8283 | D:8      | Noticed Gastronok
  8306 | D:8      | Killed Gastronok
  8307 | D:8      | Reached skill level 9 in Armour
  8307 | D:8      | Reached XP level 10. HP: 9/88 MP: 9/9
  8648 | D:8      | Reached skill level 10 in Maces & Flails
  8842 | D:8      | Noticed Grum
  8852 | D:8      | Killed Grum
  9556 | D:9      | Noticed a two-headed ogre
  9561 | D:9      | Killed a two-headed ogre
  9562 | D:9      | Reached skill level 10 in Armour
  9620 | D:9      | Noticed a two-headed ogre
  9624 | D:9      | Killed a two-headed ogre
  9625 | D:9      | Found a shimmering altar of Xom.
  9634 | D:9      | Reached ***** piety under Trog
  9656 | D:9      | Reached skill level 11 in Armour
  9659 | D:9      | Reached XP level 11. HP: 83/95 MP: 10/10
 10374 | D:9      | Found a sacrificial altar of Ru.
 10384 | D:9      | Received a gift from Trog
 10529 | D:10     | Entered Level 10 of the Dungeon
 10556 | D:10     | Found a flagged portal.
 10570 | Bailey   | Entered a bailey
 10591 | Bailey   | Noticed an orc warlord
 10668 | Bailey   | Found a runed translucent gate.
 10668 | Bailey   | Found a runed translucent gate.
 10668 | Bailey   | Found a runed translucent gate.
 10696 | Bailey   | Noticed an orc knight
 10706 | Bailey   | Killed an orc knight
 10888 | Bailey   | Killed an orc warlord
 10911 | Bailey   | Acquired a +5 executioner's axe of venom
 11214 | D:10     | Found the ring of Shadows {Umbra +Inv Stlth+}
 11356 | D:10     | Found a shimmering blue altar of Sif Muna.
 11432 | D:10     | Found an iron altar of Okawaru.
 11623 | D:10     | Found a staircase to the Lair.
 11702 | D:10     | Identified the +0 leather armour "Siexaes" {Dex+2}
 11723 | D:10     | Found an opulent altar of Gozag.
 11761 | D:10     | Found a radiant altar of Vehumet.
 12108 | D:10     | Found a glowing silver altar of Zin.
 12153 | D:11     | Reached skill level 12 in Armour
 12475 | D:11     | Reached skill level 10 in Fighting
 13012 | D:12     | Noticed MirrMurr's ghost (journeyman SpEn)
 13076 | D:12     | Noticed a five-headed hydra
 13086 | D:12     | Killed a five-headed hydra
 13090 | D:12     | Reached skill level 10 in Axes
 13090 | D:12     | Reached XP level 12. HP: 107/107 MP: 11/11
 13577 | D:12     | Found a runed translucent door.
 13762 | D:12     | Noticed a yaktaur captain
 13767 | D:12     | Killed a yaktaur captain
 13768 | D:12     | Reached skill level 1 in Shields
 13933 | D:12     | Reached skill level 13 in Armour
 14067 | D:12     | Found a staircase to the Orcish Mines.
 14360 | D:12     | Noticed a two-headed ogre
 14366 | D:12     | Killed a two-headed ogre
 14374 | D:12     | Noticed an eight-headed hydra
 14387 | D:12     | HP: 1/108 [eight-headed hydra (14)]
 14387 | D:12     | Mangled by an eight-headed hydra

Illustrated notes

Levels and vault maps discovered:
D:1:      scummos_arrival_forest, layout_rooms,
          shapermc_ecumenical_altar_flowoftime
D:2:      layout_basic
D:3:      layout_basic, fedhas_altar_2, serial_shops, nicolae_shop_statue_plus
D:4:      layout_basic, mainiacjoe_overflow_large_starburst,
          chequers_ossuary_entry_cave, uniq_robin, uniq_edmund,
          uniq_blork_the_orc
D:5:      layout_basic, minmay_overflow_temple_star_quad, temple_fountains,
          uniq_grinder
D:6:      layout_loops_ring
D:7:      layout_cave_pods
D:8:      layout_loops_ring, uniq_gastronok, uniq_grum
D:9:      layout_basic, nicolae_ru_awakened_eye, mainiacjoe_overflow_catwalk
D:10:     layout_roguey, pdpol_temple_overflow_zin_treasury_gozag_greed,
          mainiacjoe_overflow_alcove_2, jmf_multi_god_temple, lair_entry_dummy,
          enter_bailey_3
D:11:     nicolae_cairo_tiling_large, layout_rooms
D:12:     evilmike_diamond_2, layout_rooms, orc_0_dummy,
          hellmonk_ghost_big_iron, minmay_three_doors

Skill      XL: |  1  2  3  4  5  6  7  8  9 10 11 12 |
---------------+-------------------------------------+-----
Fighting       | 4 5 6 7 9 10 | 10.9
Axes           | 4 5 7 8 10 11 | 11.6
Dodging        | 3 4 |  4.5
Armour         | 3 4 5 7 9 11 12 13 | 13.2
Maces & Flails | 3 6 9 11 12 | 12.9
Throwing       | 1 3 |  3.7
Stealth        | 1 2 |  2.3
Shields        | 2 |  2.3

Action                   |  1- 3 |  4- 6 |  7- 9 | 10-12 || total
-------------------------+-------+-------+-------+-------++-------
Melee: Hand axe          |    89 |   114 |       |       ||   203
       Headbutt          |     8 |    27 |    24 |    72 ||   131
       Dire flail        |       |       |   200 |   184 ||   384
       Executioner's axe |       |       |       |   148 ||   148
Throw: Boomerang         |       |     3 |     3 |    17 ||    23
Invok: Berserk           |     3 |     5 |     2 |     9 ||    19
       Trog's Hand       |       |     1 |       |     2 ||     3
  Use: Scroll            |       |       |       |    16 ||    16
Armor: Animal skin       |    15 |       |       |       ||    15
       Scale mail        |       |     5 |       |       ||     5
       Chain mail        |       |    33 |    85 |    61 ||   179
       Plate armour      |       |       |       |   166 ||   166
Dodge: Dodged            |    46 |    45 |    73 |   148 ||   312
Block: Other             |       |       |       |    34 ||    34
       Reflection        |       |       |       |     5 ||     5

Table legend: (Time is in decaauts)
 A = Elapsed time spent in this place.
 B = Non-inter-level travel time spent in this place.
 C = Inter-level travel time spent in this place.
 D = Time resting spent in this place.
 E = Time spent auto-exploring this place.
 F = Levels seen in this place.
 G = Mean time per level.
                   A        B        C        D        E       F      G
               +--------+--------+--------+--------+--------+-----+--------+
         Total |  14557 |  14172 |    385 |      0 |  11971 |  14 | 1039.8 |
       Dungeon |  13619 |  13234 |    385 |      0 |  11318 |  12 | 1134.9 |
       Ossuary |    484 |    484 |      0 |      0 |    372 |   1 |  484.0 |
        Bailey |    453 |    453 |      0 |      0 |    281 |   1 |  453.0 |
               +--------+--------+--------+--------+--------+-----+--------+

Top non-repeatable levels by time:
     D:7: 1559 daAuts
    D:12: 1486 daAuts
     D:4: 1352 daAuts
    D:10: 1179 daAuts
     D:6: 1138 daAuts
     D:3: 1084 daAuts
     D:2: 1050 daAuts
     D:1: 1044 daAuts
     D:9: 991 daAuts
     D:5: 961 daAuts
     D:8: 951 daAuts
    D:11: 821 daAuts
 Ossuary: 484 daAuts
  Bailey: 453 daAuts
